 Dungeon Crawl Stone Soup version 0.27-a0-860-gaf99fae3ca (webtiles) character file.

Game seed: 758130163173020932

136 srzhan31 the Magician (level 5, -12/35 HPs)
             Began as a Djinni Fire Elementalist on Apr 1, 2021.
             Killed by nerve-wracking pain
             ... invoked by Grinder
              (14 damage)
             ... on level 3 of the Dungeon.
             The game lasted 00:04:22 (2827 turns).

srzhan31 the Magician (Djinni Fire Elementalist)    Turns: 2827, Time: 00:04:24

Health: -12/35     AC:  3    Str:  7    XL:     5   Next: 19%
Gold:   110        EV: 12    Int: 17    God:
                   SH:  4    Dex: 14

rFire    + + .     SeeInvis .   (no weapon)
rCold    x . .     Faith    .   b - +0 buckler
rNeg     . . .     Spirit   .   a - +0 robe
rPois    ∞         Reflect  .   (no helmet)
rElec    .         Harm     .   d - +0 cloak
rCorr    .         Rampage  .   (no gloves)
Will     .....                  (boots unavailable)
Stlth    ++........             (no amulet)
HPRegen  0.11/turn              (no ring)
MPRegen  0.00/turn              (no ring)

@: flying
A: fire resistance 2, cold vulnerability 1, float, innate caster, hp casting,
extra vitality 1
a: no special abilities


You were on level 3 of the Dungeon.
You visited 1 branch of the dungeon, and saw 3 of its levels.

You collected 110 gold pieces.

Inventory:

Armour
 a - a +0 robe (worn)
 b - a +0 buckler (worn)
 d - a +0 cloak (worn)
Scrolls
 e - 3 scrolls of teleportation {unknown}
 i - a scroll of fear {unknown}
 j - a scroll of fog {unknown}
 k - a scroll of enchant weapon {unknown}
Potions
 c - a potion of ambrosia {unknown}
 f - a potion of heal wounds {unknown}
 h - a potion of attraction {unknown}


   Skills:
 * Level 3.0 Dodging
 - Level 1.6 Stealth
 * Level 1.7 Shields
 + Level 4.2 Spellcasting


You couldn't memorise any spells.
You knew the following spells:

 Your Spells              Type           Power      Damage    Failure   Level
a - Foxfire               Conj/Fire      72%        2x1d7     3%          1
b - Conjure Flame         Conj/Fire      18%        6-21      11%         3
c - Inner Flame           Hex/Fire       18%        N/A       11%         3
d - Sticky Flame          Conj/Fire      18%        2d4       34%         4
e - Fireball              Conj/Fire      9%         3d6       69%         5
f - Freeze                Ice            72%        1d9       3%          1
g - Searing Ray           Conj           36%        3d4       5%          2
Your spell library was empty.

Dungeon Overview and Level Annotations

Branches:
Dungeon (3/15)

Altars:

Annotations:
D:3 Grinder


Innate Abilities, Weirdness & Mutations

You are immune to poison.
Your flesh is very heat resistant. (rF++)
You are vulnerable to cold. (rC-)
You float through the air rather than walking.
You learn spells naturally, not from books.
Your magical power is your life essence.
You have superior vitality. (+4 HP)


Message History

Grinder is heavily wounded.
Grinder hits you.
The foxfire hits Grinder.
Grinder is heavily wounded.
The foxfire hits Grinder.
Grinder is heavily wounded.
Grinder hits you!
* * * LOW HITPOINT WARNING * * *
You writhe in agony.
* * * LOW HITPOINT WARNING * * *
Grinder gestures at you. You resist with significant effort.
Grinder blinks!
Casting: Foxfire (safe; 3% risk of failure)
Confirm with . or Enter, or press ? or * to list all spells.
You conjure some foxfire!
* * * LOW HITPOINT WARNING * * *
Your foxfire dissipates!
The foxfire hits Grinder.
Grinder is severely wounded.
A necrophage comes into view.
Found a scroll labelled HOEKHOMUHU.
Grinder gestures at you.
You suddenly lose the ability to move!
Grinder blinks!
You can move again.
A goblin comes into view. It is wielding a +0 club.
The goblin shouts!
You hear a shout!
You hear a bark! x2
A kobold comes into view. It is wielding a +0 whip.
The goblin barely misses you.
Unknown command.
As you read the scroll labelled TIN COLODIUG, it crumbles to dust.
It is a scroll of amnesia.
You feel forgetful for a moment.
The kobold shouts!
The goblin hits you with a +0 club.
* * * LOW HITPOINT WARNING * * *
Grinder gestures at you. Pain shoots through your body!
You die...

#n... #.#.# .# #.#.#
.# ###.#.#### .#
#........# .#
#.#.#.##5# K#
#...n.##.# .###
#####.....##5###...#
#..........n...@g#
##.###.#..#######...#
5.§§...#..# #.##
##.#####..# .# #.#
#..# . #....5...# ..
#####..... .. # ...
... ####


You could see Grinder, a necrophage, a goblin and a kobold.

Vanquished Creatures
  Natasha (thrice) (D:2)
  3 adders
  A dart slug (D:1)
  A ball python (D:1)
  An endoplasm (D:1)
  A giant cockroach (D:2)
  5 goblins
  4 hobgoblins
  5 kobolds
  2 quokkas (D:1)
  4 bats
  A frilled lizard (D:2)
  3 rats (D:1)
34 creatures vanquished.

Vanquished Creatures (others)
  177 foxfires
177 creatures vanquished.

Grand Total: 211 creatures vanquished

Notes
Turn   | Place    | Note
-------+----------+-------------------------------------------
     0 | D:1      | srzhan31 the Djinni Fire Elementalist began the quest for
                  | the Orb.
     0 | D:1      | Reached XP level 1. HP: 15/15 MP: 0/0
   232 | D:1      | Reached skill level 3 in Spellcasting
   244 | D:1      | Reached XP level 2. HP: 12/21 MP: 0/0
  1581 | D:2      | Reached XP level 3. HP: 20/25 MP: 0/0
  1581 | D:2      | Learned a level 1 spell: Freeze
  1747 | D:2      | Noticed Natasha
  1752 | D:2      | Killed Natasha
  1753 | D:2      | Reached skill level 1 in Shields
  1758 | D:2      | Reached XP level 4. HP: 20/31 MP: 0/0
  1961 | D:2      | Found a faded altar of an unknown god.
  2224 | D:2      | Noticed Natasha
  2229 | D:2      | Killed Natasha
  2230 | D:2      | Reached skill level 4 in Spellcasting
  2271 | D:2      | Noticed Natasha
  2277 | D:2      | Killed Natasha
  2278 | D:2      | Reached XP level 5. HP: 28/35 MP: 0/0
  2278 | D:2      | Learned a level 2 spell: Searing Ray
  2795 | D:3      | Noticed Grinder
  2812 | D:3      | Noticed a necrophage
  2815 | D:3      | Paralysed by Grinder for 6 turns
  2827 | D:3      | Killed from afar by Grinder

Illustrated notes

Levels and vault maps discovered:
D:1:      onia_arrival_pyramid, layout_basic
D:2:      layout_loops_ring, chequers_ecumenical_altar_island, uniq_natasha
D:3:      layout_loops_corners, serial_shops, shop, chequers_garden,
          kennysheep_generic_room_7, uniq_grinder

Skill      XL: |  1  2  3  4  5 |
---------------+----------------+-----
Spellcasting   | 3 4 |  4.2
Shields        | 1 |  1.7
Dodging        | 3 |  3.0
Stealth        | |  1.6

Action                   |  1- 3 |  4- 6 || total
-------------------------+-------+-------++-------
 Cast: Foxfire           |    74 |    31 ||   105
       Searing Ray       |       |     4 ||     4
  Use: Scroll            |       |     1 ||     1
Armor: Robe              |     2 |       ||     2
Dodge: Dodged            |     3 |     1 ||     4
Block: Buckler           |     1 |       ||     1

Table legend: (Time is in decaauts)
 A = Elapsed time spent in this place.
 B = Non-inter-level travel time spent in this place.
 C = Inter-level travel time spent in this place.
 D = Time resting spent in this place.
 E = Time spent auto-exploring this place.
 F = Levels seen in this place.
 G = Mean time per level.
                   A        B        C        D        E       F      G
               +--------+--------+--------+--------+--------+-----+--------+
         Total |   2852 |   2827 |     25 |      0 |   2570 |   3 |  950.7 |
       Dungeon |   2852 |   2827 |     25 |      0 |   2570 |   3 |  950.7 |
               +--------+--------+--------+--------+--------+-----+--------+

Top non-repeatable levels by time:
     D:1: 1550 daAuts
     D:2: 946 daAuts
     D:3: 355 daAuts
